General information
- name: BNet
- type: Ladder team game (AT/RT)
- host: Battle.net
- saver: iMlCRO
map: FullScaleAssault
- players: 8
- length: 24:30
- speed: Fast
- version: 1.24 W3XP
- replay type: Public
» download(243 KB)
Players
team 1 (loser)
inhumanism (
yellow | 134 APM | 3144 actions | 23:22)
4 Archmage
2 Summon Water Elemental
2 Brilliance Aura
2 Mountain King
1 Storm Bolt
1 Bash
3 Paladin
2 Holy Light
1 Divine Shield
» actions
| Assign group hotkey | 83 | |
| Basic commands | 20 | |
| Build / train | 108 | |
| Enter build submenu | 25 | |
| Enter hero's abilities submenu | 9 | |
| Give item / drop item | 1 | |
| Remove unit from queue | 2 | |
| Right click | 1172 | |
| Select / deselect | 623 | |
| Select group hotkey | 936 | |
| Use ability | 165 | |
3144 total
» units
| Peasant | 21 | |
| Footman | 16 | |
| Gryphon Rider | 9 | |
46 total
» upgrades
| Defend | 1 | |
| Masonry | 2 | |
| Lumber Harvesting | 1 | |
| Armor | 2 | |
| Animal War Training | 1 | |
| Storm Hammers | 1 | |
| Swords | 1 | |
9 total
» buildings
| Altar of Kings | 1 | |
| Farm | 12 | |
| Barracks | 1 | |
| Lumber Mill | 1 | |
| Town Hall | 2 | |
| Arcane Vault | 1 | |
| Scout Tower | 2 | |
| Guard Tower | 3 | |
| Keep | 3 | |
| Castle | 1 | |
| Blacksmith | 1 | |
| Gryphon Aviary | 2 | |
30 total
» build order
00:10 Altar of Kings
00:15 Farm
00:20 Barracks
00:48 Farm
01:35 Farm
02:47 Lumber Mill
03:44 Town Hall
03:50 Farm
03:54 Arcane Vault
04:22 Scout Tower
05:01 Guard Tower
05:03 Scout Tower
05:28 Keep
05:29 Keep
05:29 Keep
05:31 Guard Tower
07:53 Castle
07:57 Blacksmith
08:53 Gryphon Aviary
08:56 Gryphon Aviary
09:50 Farm
13:23 Farm
13:48 Guard Tower
16:32 Farm
16:38 Farm
18:52 Town Hall
18:59 Farm
19:33 Farm
21:48 Farm
22:27 Farm
» items
| Scroll of Regeneration | 1 | |
| Lesser Clarity Potion | 2 | |
| Scroll of Town Portal | 2 | |
| Potion of Healing | 4 | |
| Ivory Tower | 3 | |
| Staff of Sanctuary | 2 | |
| Orb of Fire | 1 | |
| Scroll of Protection | 1 | |
| Scroll of Healing | 1 | |
| Potion of Lesser Invulnerability | 1 | |
18 total
ViViD (
blue | 71 APM | 1423 actions | 20:08)
4 Blademaster
2 Wind Walk
2 Critical Strike
3 Tauren Chieftain
2 Endurance Aura
1 War Stomp
» actions
| Assign group hotkey | 24 | |
| Build / train | 65 | |
| ESC pressed | 3 | |
| Enter build submenu | 16 | |
| Enter hero's abilities submenu | 7 | |
| Give item / drop item | 2 | |
| Right click | 448 | |
| Select / deselect | 317 | |
| Select group hotkey | 491 | |
| Use ability | 50 | |
1423 total
» units
| Peon | 12 | |
| Grunt | 7 | |
| Troll Headhunter/Berserker | 2 | |
| Shaman | 5 | |
| Troll Witch Doctor | 3 | |
| Spirit Walker | 2 | |
| Tauren | 4 | |
| Goblin Zeppelin | 1 | |
36 total
» upgrades
| Melee Weapons | 1 | |
| Armor | 2 | |
| Berserker Strength | 1 | |
| Shaman Training | 2 | |
| Witch Doctor Training | 2 | |
| Spirit Walker Training | 2 | |
| Pulverize | 1 | |
| Ranged Weapons | 1 | |
12 total
» buildings
| Altar of Storms | 1 | |
| Orc Burrow | 6 | |
| Barracks | 1 | |
| War Mill | 1 | |
| Voodoo Lounge | 1 | |
| Stronghold | 1 | |
| Fortress | 1 | |
| Spirit Lodge | 2 | |
| Great Hall | 2 | |
| Tauren Totem | 1 | |
17 total
» build order
00:09 Altar of Storms
00:15 Orc Burrow
00:50 Barracks
01:36 Orc Burrow
02:05 War Mill
02:38 Voodoo Lounge
03:13 Orc Burrow
04:22 Stronghold
04:53 Orc Burrow
07:04 Fortress
07:06 Spirit Lodge
07:53 Spirit Lodge
09:45 Great Hall
10:04 Tauren Totem
13:34 Orc Burrow
15:28 Orc Burrow
18:16 Great Hall
» items
| Healing Salve | 1 | |
| Scroll of Town Portal | 2 | |
| Orb of Lightning | 1 | |
| Potion of Healing | 1 | |
| Orb of Corruption | 1 | |
6 total
Foshade (
purple | 59 APM | 1445 actions | 24:29)
4 Keeper of the Grove
2 Entangling Roots
2 Force of Nature
1 Priestess of the Moon
1 Trueshot Aura
1 Blademaster
1 Critical Strike
» actions
| Assign group hotkey | 4 | |
| Basic commands | 63 | |
| Build / train | 76 | |
| ESC pressed | 1 | |
| Enter build submenu | 15 | |
| Enter hero's abilities submenu | 7 | |
| Right click | 671 | |
| Select / deselect | 514 | |
| Select group hotkey | 2 | |
| Use ability | 92 | |
1445 total
» units
| Wisp | 10 | |
| Huntress | 26 | |
| Dryad | 2 | |
| Crypt Fiend | 4 | |
| Archer | 4 | |
| Troll Witch Doctor | 1 | |
| Shaman | 1 | |
| Tauren | 1 | |
| Abomination | 3 | |
| Dragonhawk Rider | 2 | |
54 total
» upgrades
| Moon Armor | 2 | |
| Strength of the Moon | 3 | |
| Ultravision | 1 | |
| Upgrade Moon Glaive | 1 | |
| Improved Bows | 1 | |
| Marksmanship | 1 | |
9 total
» buildings
| Altar of Elders | 1 | |
| Moon Well | 6 | |
| Hunter's Hall | 1 | |
| Ancient of War | 3 | |
| Tree of Ages | 2 | |
| Tree of Eternity | 1 | |
| Ancient of Lore | 1 | |
| Arcane Vault | 1 | |
16 total
» build order
00:05 Altar of Elders
00:18 Moon Well
01:29 Hunter's Hall
01:42 Ancient of War
01:56 Ancient of War
02:10 Moon Well
02:36 Ancient of War
03:07 Moon Well
05:35 Moon Well
07:20 Moon Well
10:27 Tree of Ages
11:57 Moon Well
13:52 Tree of Eternity
15:53 Ancient of Lore
23:32 Arcane Vault
CIASSIC (
pink | 106 APM | 2147 actions | 20:16)
4 Death Knight
2 Death Coil
2 Unholy Aura
2 Lich
1 Frost Armor
1 Frost Nova
» actions
| Assign group hotkey | 37 | |
| Basic commands | 87 | |
| Build / train | 56 | |
| Enter build submenu | 20 | |
| Enter hero's abilities submenu | 6 | |
| Remove unit from queue | 1 | |
| Right click | 1189 | |
| Select / deselect | 270 | |
| Select group hotkey | 392 | |
| Use ability | 89 | |
2147 total
» units
| Acolyte | 3 | |
| Ghoul | 2 | |
| Crypt Fiend | 12 | |
| Obsidian Statue | 5 | |
| Abomination | 2 | |
| Meatwagon | 4 | |
28 total
» upgrades
| Creature Attack | 2 | |
| Web | 1 | |
| Creature Carapace | 1 | |
| Unholy Strength | 2 | |
| Disease Cloud | 1 | |
| Destroyer Form | 1 | |
8 total
» buildings
| Crypt | 1 | |
| Graveyard | 1 | |
| Altar of Darkness | 1 | |
| Ziggurat | 7 | |
| Tomb of Relics | 1 | |
| Nerubian Tower | 2 | |
| Halls of the Dead | 1 | |
| Slaughterhouse | 3 | |
| Black Citadel | 1 | |
| Spirit Tower | 1 | |
19 total
» build order
00:22 Crypt
00:33 Graveyard
00:51 Altar of Darkness
01:03 Ziggurat
01:39 Tomb of Relics
02:07 Ziggurat
03:22 Nerubian Tower
03:59 Ziggurat
04:45 Halls of the Dead
08:02 Ziggurat
08:04 Ziggurat
08:12 Slaughterhouse
08:14 Slaughterhouse
08:54 Black Citadel
11:51 Ziggurat
13:19 Slaughterhouse
16:54 Spirit Tower
16:58 Nerubian Tower
19:06 Ziggurat
» items
| Rod of Necromancy | 1 | |
| Scroll of Town Portal | 2 | |
| Potion of Healing | 1 | |
| Orb of Corruption | 1 | |
5 total
team 2 (winner)
RuSh[yyz] (
green | 117 APM | 2864 actions | 24:29)
7 Demon Hunter
3 Immolation
3 Evasion
1 Metamorphosis
5 Pandaren Brewmaster
3 Breath of Fire
2 Drunken Haze
» actions
| Assign group hotkey | 57 | |
| Basic commands | 206 | |
| Build / train | 98 | |
| Enter build submenu | 20 | |
| Enter hero's abilities submenu | 12 | |
| Give item / drop item | 6 | |
| Remove unit from queue | 5 | |
| Right click | 973 | |
| Select / deselect | 335 | |
| Select group hotkey | 998 | |
| Use ability | 154 | |
2864 total
» units
| Wisp | 21 | |
| Archer | 5 | |
| Dryad | 9 | |
| Druid of the Claw | 5 | |
| Goblin Shredder | 1 | |
| Chimaera | 1 | |
| Mountain Giant | -1 | |
41 total
» upgrades
| Abolish Magic | 1 | |
| Druid of the Claw Training | 2 | |
| Reinforced Hides | 3 | |
| Strength of the Wild | 3 | |
| Mark of the Claw | 1 | |
| Ultravision | 1 | |
| Well Spring | 1 | |
| Hardened Skin | 1 | |
| Resistant Skin | 1 | |
| Nature's Blessing | 1 | |
| Corrosive Breath | 1 | |
16 total
» buildings
| Altar of Elders | 1 | |
| Moon Well | 8 | |
| Ancient of War | 1 | |
| Tree of Ages | 3 | |
| Hunter's Hall | 1 | |
| Tree of Life | 1 | |
| Ancient of Lore | 2 | |
| Tree of Eternity | 3 | |
| Ancient of Wonders | 1 | |
| Ancient of Wind | 1 | |
| Chimaera Roost | 2 | |
24 total
» build order
00:18 Altar of Elders
00:23 Moon Well
00:48 Ancient of War
01:25 Moon Well
01:59 Moon Well
02:48 Tree of Ages
02:48 Tree of Ages
03:19 Moon Well
04:27 Hunter's Hall
05:18 Tree of Life
05:42 Ancient of Lore
06:13 Ancient of Lore
09:00 Tree of Eternity
09:00 Tree of Eternity
10:10 Ancient of Wonders
10:44 Ancient of Wind
15:23 Chimaera Roost
15:31 Moon Well
17:21 Moon Well
23:59 Moon Well
24:00 Moon Well
24:02 Chimaera Roost
» items
| Boots of Speed | 1 | |
| Potion of Healing | 3 | |
| Rod of Necromancy | 2 | |
| Potion of Lesser Invulnerability | 1 | |
| Scroll of Healing | 2 | |
| Scroll of Town Portal | 2 | |
| Orb of Venom | 1 | |
| Anti-magic Potion | 3 | |
| Potion of Mana | 1 | |
16 total

»
Rebuke[SkyNet]2 (
red | 124 APM | 3038 actions | 24:29)
5 Pandaren Brewmaster
3 Breath of Fire
2 Drunken Haze
5 Priestess of the Moon
3 Trueshot Aura
2 Searing Arrows
» actions
| Assign group hotkey | 71 | |
| Basic commands | 96 | |
| Build / train | 107 | |
| ESC pressed | 6 | |
| Enter build submenu | 24 | |
| Enter hero's abilities submenu | 10 | |
| Give item / drop item | 5 | |
| Right click | 1310 | |
| Select / deselect | 604 | |
| Select group hotkey | 638 | |
| Use ability | 167 | |
3038 total
» units
| Wisp | 31 | |
| Archer | 13 | |
| Druid of the Talon | 23 | |
67 total
» upgrades
| Druid of the Talon Training | 2 | |
| Strength of the Wild | 3 | |
| Well Spring | 1 | |
| Nature's Blessing | 1 | |
| Mark of the Talon | 1 | |
| Reinforced Hides | 2 | |
10 total
» buildings
| Moon Well | 10 | |
| Ancient of War | 2 | |
| Altar of Elders | 1 | |
| Tree of Ages | 2 | |
| Tree of Life | 1 | |
| Ancient of Wind | 7 | |
| Ancient of Wonders | 1 | |
| Tree of Eternity | 1 | |
| Hunter's Hall | 1 | |
26 total
» build order
00:33 Moon Well
00:36 Ancient of War
00:50 Ancient of War
01:12 Altar of Elders
01:42 Moon Well
02:33 Moon Well
03:19 Tree of Ages
03:55 Tree of Life
05:44 Ancient of Wind
05:45 Ancient of Wind
07:47 Ancient of Wind
07:47 Ancient of Wind
08:11 Moon Well
09:06 Ancient of Wonders
09:54 Tree of Eternity
10:36 Hunter's Hall
11:52 Ancient of Wind
11:58 Moon Well
11:59 Moon Well
11:59 Moon Well
15:42 Ancient of Wind
15:43 Ancient of Wind
18:20 Moon Well
21:32 Moon Well
21:34 Moon Well
» items
| Lesser Clarity Potion | 2 | |
| Anti-magic Potion | 2 | |
| Potion of Mana | 2 | |
| Orb of Venom | 2 | |
| Staff of Preservation | 1 | |
| Scroll of Healing | 1 | |
| Potion of Lesser Invulnerability | 1 | |
| Scroll of Town Portal | 1 | |
12 total

»
iMlCRO (
orange | 95 APM | 2332 actions | 24:30)
7 Death Knight
3 Death Coil
3 Unholy Aura
1 Animate Dead
6 Lich
3 Frost Nova
2 Dark Ritual
1 Death and Decay
4 Dreadlord
2 Sleep
2 Carrion Swarm
» actions
| Assign group hotkey | 34 | |
| Basic commands | 9 | |
| Build / train | 74 | |
| ESC pressed | 1 | |
| Enter build submenu | 21 | |
| Enter hero's abilities submenu | 17 | |
| Give item / drop item | 1 | |
| Right click | 1212 | |
| Select / deselect | 332 | |
| Select group hotkey | 538 | |
| Use ability | 93 | |
2332 total
» units
| Acolyte | 15 | |
| Ghoul | 3 | |
| Crypt Fiend | 6 | |
| Frost Wyrm | 8 | |
32 total
» upgrades
| Creature Attack | 3 | |
| Web | 1 | |
| Freezing Breath | 1 | |
| Creature Carapace | 3 | |
8 total
» buildings
| Graveyard | 1 | |
| Crypt | 2 | |
| Altar of Darkness | 1 | |
| Ziggurat | 7 | |
| Tomb of Relics | 2 | |
| Nerubian Tower | 1 | |
| Halls of the Dead | 2 | |
| Spirit Tower | 1 | |
| Black Citadel | 1 | |
| Sacrificial Pit | 1 | |
| Boneyard | 2 | |
21 total
» build order
00:05 Graveyard
00:08 Crypt
00:13 Crypt
00:41 Altar of Darkness
00:59 Ziggurat
01:30 Tomb of Relics
01:34 Tomb of Relics
02:03 Ziggurat
02:34 Nerubian Tower
04:43 Halls of the Dead
04:43 Halls of the Dead
04:56 Ziggurat
05:40 Spirit Tower
08:12 Black Citadel
08:14 Sacrificial Pit
08:54 Ziggurat
08:56 Ziggurat
09:56 Ziggurat
09:57 Ziggurat
10:40 Boneyard
10:41 Boneyard
» items
| Rod of Necromancy | 1 | |
| Scroll of Town Portal | 3 | |
| Orb of Corruption | 1 | |
| Scroll of Protection | 1 | |
| Scroll of Healing | 1 | |
| Dust of Appearance | 1 | |
| Potion of Lesser Invulnerability | 1 | |
9 total

»
steveywonder (
teal | 21 APM | 518 actions | 24:29)
6 Mountain King
3 Storm Bolt
2 Bash
1 Avatar
» actions
| Basic commands | 60 | |
| Build / train | 60 | |
| Enter build submenu | 23 | |
| Enter hero's abilities submenu | 6 | |
| Right click | 122 | |
| Select / deselect | 190 | |
| Use ability | 57 | |
518 total
» units
» upgrades
| Armor | 3 | |
| Gunpowder | 3 | |
| Long Rifles | 1 | |
7 total
» buildings
| Altar of Kings | 1 | |
| Farm | 13 | |
| Lumber Mill | 1 | |
| Keep | 1 | |
| Blacksmith | 1 | |
| Barracks | 2 | |
| Castle | 1 | |
| Arcane Vault | 1 | |
| Town Hall | 4 | |
25 total
» build order
00:21 Altar of Kings
00:37 Farm
01:05 Lumber Mill
01:10 Farm
01:49 Farm
02:21 Farm
03:39 Farm
03:48 Keep
03:53 Blacksmith
04:25 Farm
04:57 Farm
05:41 Barracks
05:46 Barracks
05:48 Farm
08:35 Castle
08:37 Farm
08:50 Arcane Vault
09:22 Farm
10:25 Town Hall
13:56 Farm
13:58 Farm
16:21 Farm
20:50 Town Hall
21:54 Town Hall
22:08 Town Hall
» items
Chat log
(00:18 / All) iMlCRO: opgm?>
(00:31 / All) iMlCRO: or mill
(00:31 / All) iMlCRO: ?
(01:08 / All) Rebuke[SkyNet]2: [insert shit talk here]
(01:17 / All) ViViD: your mom
(01:19 / All) ViViD: you dad
(01:36 / Allies) Rebuke[SkyNet]2: so tired
(01:36 / All) RuSh[yyz]: u r gay
(01:41 / All) ViViD: fag
(01:45 / Allies) iMlCRO: got a good game going.
(01:47 / All) Foshade: i`m gay
(01:50 / All) Foshade: i have a gay lover
(01:54 / Allies) Rebuke[SkyNet]2: hm?
(01:58 / All) ViViD: cool
(02:00 / Allies) iMlCRO: nothin ;)
(02:03 / Allies) Rebuke[SkyNet]2: is thhe player pool decent?
(02:11 / Allies) iMlCRO: looks better than the average RT game.
(02:22 / Allies) RuSh[yyz]: ya we all suck pretty equally
(02:24 / Allies) RuSh[yyz]: lookin good
(02:25 / Allies) Rebuke[SkyNet]2: fuck all 30+ of my games have been complete noobs
(02:30 / Allies) Rebuke[SkyNet]2: need a GG
(02:31 / Allies) iMlCRO: i didnt get my 100 gold at the beginning
(02:32 / Allies) iMlCRO: xD
(02:46 / Allies) iMlCRO: u takin thsi expo ?
(02:50 / Allies) Rebuke[SkyNet]2: ye
(02:51 / Allies) iMlCRO: k
(03:01 / Allies) iMlCRO: ill take bot one then
(03:07 / Allies) Rebuke[SkyNet]2: logically.
(03:44 / Allies) RuSh[yyz]: dat base
(05:16 / Allies) iMlCRO: hm
(05:19 / Allies) iMlCRO: thats no good
(05:42 / Allies) iMlCRO: well apparently we have a rush.
(05:51 / Allies) steveywonder: who does that
(05:59 / All) Foshade: i hope you guys teched
(06:03 / All) RuSh[yyz]: we did :)
(06:30 / Allies) iMlCRO: gogo
(08:00 / Allies) Rebuke[SkyNet]2: u see that blade?
(08:07 / Allies) RuSh[yyz]: coils
(08:08 / Allies) iMlCRO: no actually i didnt
(09:04 / Allies) RuSh[yyz]: kewl
(09:09 / Allies) iMlCRO: this idiot is annoying
(10:21 / Allies) RuSh[yyz]: lumbs
(10:46 / Allies) iMlCRO: gold for wyrms?
(10:48 / Allies) Rebuke[SkyNet]2: lets rape em
(10:58 / Allies) RuSh[yyz]: wyrm carry
(11:11 / Allies) iMlCRO: b
(11:42 / Allies) iMlCRO: this is no good
(12:56 / Allies) iMlCRO: wyrms here
(13:03 / Allies) iMlCRO: raped lol
(13:16 / Allies) iMlCRO: attk with dryad
(13:53 / Allies) iMlCRO: gold
(14:08 / Allies) iMlCRO: ty
(14:16 / Allies) iMlCRO: kill that shit
(14:57 / Allies) steveywonder: wyrms on towers
(15:24 / Allies) iMlCRO: logical counter to wyrms. hunts.
(16:12 / Allies) steveywonder: obviously after their rush failed they didnt kno wat to do
(17:25 / Allies) iMlCRO: b
(17:43 / Allies) iMlCRO: im back
(17:56 / Allies) iMlCRO: wood anyone
(18:44 / Allies) RuSh[yyz]: huntz
(18:45 / Allies) iMlCRO: hitting him
(18:47 / Allies) RuSh[yyz]: and aboms
(18:55 / Allies) RuSh[yyz]: sick
(19:16 / Allies) RuSh[yyz]: wanna tp
(19:19 / Allies) RuSh[yyz]: ?
(19:22 / Allies) steveywonder: i am
(19:24 / Allies) iMlCRO: hitting yellow first
(19:35 / Allies) RuSh[yyz]: go
(20:00 / All) iMlCRO: gg
(20:49 / Allies) iMlCRO: gj
(21:13 / All) iMlCRO: oh no lol.
(22:47 / Allies) iMlCRO: coming red
(23:10 / All) iMlCRO: get the fuck out
(23:36 / Allies) Rebuke[SkyNet]2: afk